 Dungeon Crawl Stone Soup version 0.25-b1-50-g7b83aa72e5 (webtiles) character file.

Game seed: 2147483965987253988

95 porcors the Skirmisher (level 4, -3/39 HPs)
             Began as a Merfolk Monk on June 12, 2020.
             Slain by an orc warrior
             ... wielding a +0 mace
              (9 damage)
             ... on level 3 of the Dungeon.
             The game lasted 00:03:38 (2598 turns).

porcors the Skirmisher (Merfolk Monk)               Turns: 2598, Time: 00:03:39

Health: -3/39      AC:  2    Str: 11    XL:     4   Next: 65%
Magic:  4/4        EV: 14    Int:  9    God:
Gold:   63         SH:  0    Dex: 17    Spells: 3/3 levels left

rFire    . . .     SeeInvis .   a - +0 spear
rCold    . . .     Gourm    .   (no shield)
rNeg     . . .     Faith    .   b - +0 robe
rPois    .         Spirit   .   (no helmet)
rElec    .         Reflect  .   (no cloak)
rCorr    .         Harm     .   (no gloves)
MR       .....                  (no boots)
Stlth    ++........             (no amulet)
HPRegen  0.13/turn              (no ring)
MPRegen  0.09/turn              (no ring)

@: no status effects
A: change form in water, swift swim, stealthy swim
a: no special abilities


You were on level 3 of the Dungeon.
You were not hungry.

You visited 1 branch of the dungeon, and saw 3 of its levels.

You collected 63 gold pieces.

Inventory:

Hand Weapons
 a - a +0 spear (weapon)
Armour
 b - a +0 robe (worn)
Scrolls
 f - a scroll of fog {unknown}
 g - 3 scrolls of teleportation {unknown}
 j - a scroll of random uselessness {unknown}
 k - 2 scrolls of fear {unknown}
 l - 2 scrolls of identify {unknown}
Potions
 e - a potion of cancellation {unknown}
 h - a potion of berserk rage {unknown}
 i - a potion of ambrosia {unknown}
 m - a potion of heal wounds {unknown}
 n - a potion of degeneration {unknown}
Comestibles
 c - 4 rations


   Skills:
 + Level 5.4 Fighting
 - Level 5.1 Polearms
 - Level 4.0 Dodging
 - Level 2.1 Stealth


You had 3 spell levels left.
You didn't know any spells.
Your spell library was empty.

Dungeon Overview and Level Annotations

Branches:
Dungeon (3/15)

Altars:


Message History

You hit the orc warrior but do no damage.
The orc warrior hits you with a +0 mace.
You hit the orc warrior but do no damage.
The orc warrior hits you but does no damage.
You hit the orc warrior.
The orc warrior is lightly wounded.
You closely miss the orc warrior.
The orc warrior is lightly wounded.
The orc warrior hits you with a +0 mace!
You closely miss the orc warrior.
The orc warrior is lightly wounded.
The orc warrior hits you with a +0 mace!
* * * LOW HITPOINT WARNING * * *
An orc comes into view.
An orc priest comes into view.
You are too injured to fight recklessly!
The orc priest shouts!
You hear a shout!
The orc priest calls upon Beogh to heal the orc warrior.
The orc warrior's wounds heal themselves!
The orc warrior hits you with a +0 mace!
You die... ############ #...@o...... #.####..#### .# .. #. o

You could see an orc warrior and an orc priest.

Vanquished Creatures
  2 adders (D:2)
  2 worms (D:2)
  2 dart slugs (D:2)
  2 leopard geckos
  An orc (D:3)
  2 ball pythons
  3 giant cockroaches (D:2)
  9 hobgoblins
  9 jackals
  A quokka (D:2)
  3 bats
  2 frilled lizards
  6 goblins
  9 kobolds
  6 rats
59 creatures vanquished.

Notes
Turn   | Place    | Note
-------+----------+-------------------------------------------
     0 | D:1      | porcors the Merfolk Monk began the quest for the Orb.
     0 | D:1      | Reached XP level 1. HP: 18/18 MP: 1/1
    94 | D:1      | You fall into a shaft and drop 1 floor!
    99 | D:2      | Reached skill level 5 in Polearms
   106 | D:2      | Reached XP level 2. HP: 22/24 MP: 2/2
   972 | D:1      | Reached XP level 3. HP: 28/30 MP: 3/3
  1802 | D:2      | Reached XP level 4. HP: 31/38 MP: 4/4
  1812 | D:2      | Reached skill level 5 in Fighting
  2589 | D:3      | Noticed an orc warrior
  2598 | D:3      | Slain by an orc warrior

Illustrated notes

Levels and vault maps discovered:
D:1:      eino_arrival_cavern_c, layout_basic, wad_floor_pattern_1
D:2:      layout_rooms, serial_bayou_pond_d
D:3:      layout_loops_cross, fedhas_altar_3, minmay_overflow_temple_hex,
          uniq_terence

Skill      XL: |  1  2  3  4 |
---------------+-------------+-----
Polearms       | 5 |  5.1
Fighting       | 4 5 |  5.4
Dodging        | |  4.0
Stealth        | |  2.1

Action                   |  1- 3 |  4- 6 || total
-------------------------+-------+-------++-------
Melee: Spear             |   186 |    82 ||   268
 Stab: Sleeping          |     6 |     3 ||     9
  Eat: Chunk             |     3 |     3 ||     6
Armor: Robe              |    17 |     4 ||    21
Dodge: Dodged            |    90 |    51 ||   141
